 Dungeon Crawl Stone Soup version 0.27-a0-406-g23f261fbd2 (webtiles) character file.

Game seed: 7690894453745622139

23315 vurker the Eclecticist (level 12, 0/71 HPs)
             Began as a Deep Elf Air Elementalist on Feb 22, 2021.
             Was an Elder of Vehumet.
             Slain by a cane toad (20 damage)
             ... on level 1 of the Lair of Beasts.
             The game lasted 00:28:10 (25979 turns).

vurker the Eclecticist (Deep Elf Air Elementalist) Turns: 25979, Time: 00:28:11

Health: 0/71       AC:  4    Str:  5    XL:     12   Next: 70%
Magic:  8/33       EV: 17    Int: 26    God:    Vehumet [****..]
Gold:   439        SH:  0    Dex: 15    Spells: 30/41 levels left

rFire    + . .     SeeInvis .   f - +1 short sword
rCold    + . .     Faith    .   (no shield)
rNeg     . . .     Spirit   .   a - +1 robe
rPois    .         Reflect  .   b - +0 helmet
rElec    .         Harm     .   z - scarf {rC+ rF+}
rCorr    .         Rampage  .   (no gloves)
Will     ++...                  (no boots)
Stlth    ++........             (no amulet)
HPRegen  0.21/turn              B - ring of willpower
MPRegen  0.23/turn              o - +4 ring of evasion

@: lethally poisoned (0 -> -11), marked
A: no striking features
a: Renounce Religion


You were on level 1 of the Lair of Beasts.
You worshipped Vehumet.
Vehumet was greatly pleased with you.
You visited 3 branches of the dungeon, and saw 17 of its levels.
You also visited: Ossuary.

You collected 800 gold pieces.
You spent 361 gold pieces at shops.

Inventory:

Hand Weapons
 f - a +1 short sword (weapon)
   (You took it off a kobold on level 1 of the Dungeon)
Armour
 a - a +1 robe (worn)
 b - a +0 helmet (worn)
   (You found it on level 13 of the Dungeon)
 y - a +0 cloak
   (You took it off Crazy Yiuf on level 6 of the Dungeon)
 z - a scarf of resistance (worn)
   (You found it on level 8 of the Dungeon)
 F - a +0 buckler
   (You found it on level 1 of the Lair of Beasts)
Jewellery
 e - a ring of see invisible
   (You found it on level 11 of the Dungeon)
 l - a ring of ice
   (You found it on level 2 of the Dungeon)
 m - a ring of protection from fire
   (You found it on level 6 of the Dungeon)
 o - a +4 ring of evasion (right hand)
   (You took it off an orc on level 6 of the Dungeon)
 A - a ring of fire
   (You found it on level 9 of the Dungeon)
 B - a ring of willpower (left hand)
   (You found it on level 10 of the Dungeon)
 D - a ring of willpower
   (You found it on level 1 of the Lair of Beasts)
Wands
 t - a wand of flame (24)
   (You found it on level 4 of the Dungeon)
Scrolls
 d - 6 scrolls of teleportation
 i - 4 scrolls of immolation
 p - 6 scrolls of amnesia
 s - a scroll of vulnerability
 v - a scroll of blinking
 w - 2 scrolls of magic mapping
 x - 3 scrolls of enchant weapon
 C - a scroll of enchant armour
 E - a scroll of identify
Potions
 c - 6 potions of ambrosia
 g - 4 potions of resistance
 h - 2 potions of curing
 j - 3 potions of lignification
 k - 8 potions of haste
 n - a potion of cancellation
 q - a potion of flight
 r - a potion of invisibility
 u - a potion of heal wounds


   Skills:
 + Level 6.9 Fighting
 - Level 2.4 Dodging
 - Level 2.4 Stealth
 + Level 2.0 Shields
 * Level 15.0 Spellcasting
 - Level 8.0 Conjurations
 + Level 7.9 Ice Magic
 * Level 12.2 Air Magic


You had 30 spell levels left.
You knew the following spells:

 Your Spells              Type           Power        Failure   Level
a - Shock                 Conj/Air       100%         1%          1
b - Lightning Bolt        Conj/Air       32%          1%          5
c - Airstrike             Air            35%          1%          4
d - Freeze                Ice            100%         1%          1

Your spell library contained the following spells:

 Spells                   Type           Power        Failure   Level
 Orb of Destruction       Conj           28%          22%         7
 Swiftness                Air            70%          1%          2
 Static Discharge         Conj/Air       64%          1%          3
 Corona                   Hex            21%          2%          1
 Inner Flame              Hex/Fire       19%          2%          3
 Slow                     Hex            19%          4%          2
 Irradiate                Conj/Tmut      20%          4%          5
 Portal Projectile        Hex/Tloc       38%          9%          3
 Cause Fear               Hex            9%           26%         4
 Leda's Liquefaction      Hex/Erth       9%           26%         4
 Hydra Form               Tmut           9%           99%         6
 Statue Form              Tmut/Erth      12%          99%         6
 Dragon Form              Tmut           9%           100%        7


Dungeon Overview and Level Annotations

Branches:
Dungeon (14/15)            Temple (1/1) D:4            Lair (2/6) D:10
Ossuary (visited)
  Swamp: Lair:2-4    Shoals: Lair:2-4     Snake: Lair:2-4    Spider: Lair:2-4
    Orc: D:9-12      Vaults: D:13-14

Altars:
Ashenzari
Cheibriados
Dithmenos
Elyvilon
Fedhas
Gozag
Hepliaklqana
Kikubaaqudgha
Makhleb
Nemelex Xobeh
Okawaru
Qazlal
Ru
Sif Muna
Trog
Uskayaw
Vehumet
Wu Jian
Xom
Yredelemnul
Zin
The Shining One
Lugonu

Shops:
D:8 (   D:11 *


Message History

Vehumet accepts your kill.
The yak bellows!
A yak comes into view.
Aim: a yak The air twists around and strikes the yak!
You hear an angry hiss.
A water moccasin comes into view.
Aim: a yak (heavily wounded)
The air twists around and strikes the yak!
Aim: a yak (severely wounded)
The air twists around and strikes the yak!
You kill the yak!
Vehumet accepts your kill.
You feel your power returning.
Your Shields skill increases to level 2!
The water moccasin bites you.
You are poisoned.
The water moccasin poisons you!
You feel sick.
You feel sick.
The water moccasin completely misses you.
You feel sick.
The cane toad croaks.
The water moccasin closely misses you.
You feel sick. The cane toad barely misses you.
The yak sets off the alarm!
The alarm trap emits a blaring wail!
A sentinel's mark forms upon you.
You hear an angry hiss. x4; You hear a bellow!
You hear an angry hiss.
You feel sick. The cane toad closely misses you. The water moccasin misses you.
There is a stone staircase leading down here.
The cane toad barely misses you.
There is a stone staircase leading up here.
You feel sick. The cane toad stings you!!
You are more poisoned.
The cane toad poisons you! The water moccasin closely misses you.
The cane toad misses you.
You climb upwards.
You feel sick.
There is a stone staircase leading down here.
Aim: a water moccasin The air twists around and strikes the water moccasin!
You feel sick. The water moccasin closely misses you.
The cane toad stings you!!
* * * LOW HITPOINT WARNING * * *
The water moccasin misses you.
You feel sick. The water moccasin barely misses you.
Aim: a water moccasin (heavily wounded)
The air twists around and strikes the water moccasin!
You feel sick. The water moccasin misses you. The cane toad stings you!!
You die...

######............#..........#
###.##.......>....##.........#
####..................####.####..
...?..................# ### #..
......................####.# ##..
..........##......##P##....# #...
...........##.....####P....# #...
..........###..SF## ##....# #...
..........###...@#####.....# #...
..>##.#####....#.........### ##..
...#### ##...###......## #..
....###### #...# #......#### #..
.........# #...# ###.#.....#####.
.........###...# ###.........##
.........##....# ####.........#
..........##...# #..#.........##
.........###...# ##.............


You could see a cane toad and a water moccasin.

Vanquished Creatures
  A boulder beetle (Lair:2)
  2 hydras (Lair:1)
  An unseen horror (D:13)
  A deep elf pyromancer (D:13)
  A deep elf zephyrmancer (D:11)
  2 manticores (D:11)
  3 cane toads
  A gargoyle (D:11)
  2 komodo dragons (Lair:1)
  A rime drake (Lair:2)
  A troll (D:12)
  A merfolk (D:11)
  A queen bee (D:11)
  3 blink frogs (Lair:2)
  A hornet (D:9)
  2 shadows (D:11)
  A wraith (D:10)
  2 wyverns
  A vampire (D:12)
  A human (D:11)
  35 yaks
  3 basilisks (D:10)
  4 vampire mosquitoes
  An acid dragon (D:13)
  10 water moccasins
  8 orc warriors
  An ice beast (D:9)
  6 sky beasts
  3 black bears
  6 ogres
  3 wolves (Lair:2)
  3 phantoms
  2 centaurs
  A kobold brigand (D:9)
  8 bullfrogs
  2 elf skeletons (D:7)
  6 elf zombies (Ossuary)
  4 scorpions
  A water moccasin skeleton (D:9)
  15 killer bees
  7 wights
  A howler monkey (D:6)
  2 crimson imps
  A bullfrog zombie (D:8)
  9 hounds
  2 quasits
  5 centaur zombies
  2 human zombies
  Crazy Yiuf (D:6)
  12 orc priests
  6 bullfrog skeletons
  2 centaur skeletons
  Jessica (D:2)
  Terence (D:2)
  2 human skeletons (D:7)
  2 iguanas
  6 orc wizards
  7 worker ants
  A killer bee zombie (D:5)
  A hound skeleton (D:6)
  3 mummies (Ossuary)
  A howler monkey zombie (D:5)
  2 worker ant zombies
  A howler monkey skeleton (D:5)
  11 adders
  A shadow imp (D:7)
  3 white imps
  2 ufetubi
  2 oozes
  2 adder zombies
  2 adder skeletons
  2 worms
  6 dart slugs
  5 leopard geckos
  53 orcs
  8 bats
  5 giant cockroaches
  5 hobgoblins
  15 jackals
  7 quokkas
  2 ball pythons
  A ball python skeleton (D:3)
  5 frilled lizards
  A giant cockroach zombie (D:6)
  A gnoll zombie (Ossuary)
  9 goblins
  2 goblin skeletons (D:8)
  3 goblin zombies
  5 hobgoblin zombies
  A jackal skeleton (D:5)
  4 jackal zombies (Ossuary)
  16 kobolds
  A kobold skeleton (D:8)
  A kobold zombie (Ossuary)
  5 orc skeletons
  5 orc zombies
  10 quokka zombies
  12 rats
  5 rat zombies (Ossuary)
447 creatures vanquished.

Vanquished Creatures (collateral kills)
  A wraith (D:11)
1 creature vanquished.

Vanquished Creatures (others)
  5 dream sheep (D:10)
  9 fungi
  29 plants
43 creatures vanquished.

Grand Total: 491 creatures vanquished

Notes
Turn   | Place    | Note
-------+----------+-------------------------------------------
     0 | D:1      | vurker the Deep Elf Air Elementalist began the quest for
                  | the Orb.
     0 | D:1      | Reached XP level 1. HP: 10/10 MP: 6/6
     7 | D:1      | Noticed a wyvern
     8 | D:1      | Noticed a hog
     8 | D:1      | Noticed a salamander
   131 | D:1      | Reached XP level 2. HP: 13/15 MP: 1/8
   679 | D:1      | Reached XP level 3. HP: 20/20 MP: 7/10
  1289 | D:2      | Reached skill level 4 in Spellcasting
  1338 | D:2      | Noticed Jessica
  1346 | D:2      | Killed Jessica
  1347 | D:2      | Reached XP level 4. HP: 3/24 MP: 2/12
  1619 | D:2      | Reached skill level 1 in Fighting
  2036 | D:2      | Noticed Terence
  2047 | D:2      | Killed Terence
  2425 | D:2      | Found an iron altar of Okawaru.
  2431 | D:2      | Reached XP level 5. HP: 29/29 MP: 9/14
  2520 | D:2      | Learned a level 5 spell: Lightning Bolt
  2525 | D:2      | Learned a level 4 spell: Airstrike
  2772 | D:2      | Found a glowing silver altar of Zin.
  2814 | D:2      | Reached skill level 5 in Spellcasting
  2850 | D:2      | Found an opulent altar of Gozag.
  3270 | D:3      | Found a hide-covered altar of Uskayaw.
  3502 | D:3      | You fall into a shaft and drop 2 floors!
  3502 | D:5      | Entered Level 5 of the Dungeon
  3591 | D:5      | Reached XP level 6. HP: 31/34 MP: 9/16
  3754 | D:5      | Reached skill level 6 in Spellcasting
  3754 | D:5      | Reached skill level 5 in Air Magic
  4250 | D:4      | Reached XP level 7. HP: 40/40 MP: 13/18
  5255 | D:3      | Found a burning altar of Makhleb.
  5554 | D:4      | Reached skill level 7 in Spellcasting
  5716 | D:4      | Found a staircase to the Ecumenical Temple.
  5729 | Temple   | Entered the Ecumenical Temple
  5760 | Temple   | Became a worshipper of Vehumet
  6007 | D:4      | Found a shimmering blue altar of Sif Muna.
  6460 | D:5      | Found a blossoming altar of Fedhas.
  6654 | D:5      | Reached XP level 8. HP: 45/45 MP: 7/21
  7181 | D:5      | Reached skill level 8 in Spellcasting
  7791 | D:6      | Reached * piety under Vehumet
  7791 | D:6      | Offered knowledge of Freeze by Vehumet.
  7920 | D:5      | Learned a level 1 spell: Freeze
  8239 | D:6      | Reached skill level 1 in Ice Magic
  8499 | D:6      | Reached skill level 5 in Conjurations
  8515 | D:5      | Reached skill level 9 in Spellcasting
  8907 | D:6      | Reached XP level 9. HP: 51/51 MP: 13/24
  8991 | D:6      | Found an ancient bone altar of Kikubaaqudgha.
 10337 | D:7      | Found a sand-covered staircase.
 10352 | D:7      | Offered knowledge of Magic Dart by Vehumet.
 10356 | Ossuary  | Entered an ossuary
 10474 | Ossuary  | Reached ** piety under Vehumet
 11371 | Ossuary  | Offered knowledge of Mephitic Cloud by Vehumet.
 11372 | Ossuary  | Reached skill level 10 in Spellcasting
 12134 | D:7      | Reached *** piety under Vehumet
 12469 | D:7      | Found a bloodstained altar of Trog.
 12482 | D:7      | Found a shimmering altar of Xom.
 12483 | D:7      | Found a hazy altar of Hepliaklqana.
 12483 | D:7      | Noticed a will-o-the-wisp
 12484 | D:7      | Noticed a spectral ugly thing
 12484 | D:7      | Noticed a will-o-the-wisp
 12518 | D:7      | Found a shadowy altar of Dithmenos.
 12521 | D:7      | Found an ornate altar of the Wu Jian Council.
 12864 | D:6      | Found a runed translucent door.
 12865 | D:6      | Noticed Crazy Yiuf
 12893 | D:6      | Killed Crazy Yiuf
 13178 | D:8      | Offered knowledge of Frozen Ramparts by Vehumet.
 13584 | D:8      | Reached XP level 10. HP: 57/57 MP: 9/26
 13770 | D:8      | Found Xestrao's Antique Weapon Boutique.
 13980 | D:8      | Found a glowing golden altar of the Shining One.
 13992 | D:8      | Reached **** piety under Vehumet
 14083 | D:8      | Offered knowledge of Dazzling Flash by Vehumet.
 15568 | D:9      | Reached skill level 11 in Spellcasting
 15817 | D:9      | Found a bloodstained altar of Trog.
 16011 | D:10     | Entered Level 10 of the Dungeon
 16731 | D:10     | Found a shimmering altar of Xom.
 17068 | D:10     | Found a staircase to the Lair.
 17217 | D:10     | Reached skill level 5 in Fighting
 17462 | D:10     | Reached skill level 5 in Ice Magic
 17590 | D:10     | Found a shimmering altar of Xom.
 17751 | D:10     | Found a staircase to the Lair.
 17792 | D:10     | Reached skill level 12 in Spellcasting
 18280 | D:11     | You fall into a shaft and drop 3 floors!
 18298 | D:14     | Noticed a centaur warrior
 18306 | D:14     | Noticed a deep elf pyromancer
 18309 | D:14     | Noticed a seven-headed hydra
 18314 | D:13     | Noticed a skeletal warrior
 18314 | D:13     | Noticed a skeletal warrior
 18314 | D:13     | Noticed a skeletal warrior
 18314 | D:13     | Noticed a skeletal warrior
 18314 | D:13     | Noticed a skeletal warrior
 18314 | D:13     | Noticed a skeletal warrior
 18314 | D:13     | Noticed a skeletal warrior
 18314 | D:13     | Noticed a skeletal warrior
 18341 | D:13     | Reached XP level 11. HP: 12/64 MP: 5/29
 18406 | D:13     | Killed an unseen horror
 18407 | D:13     | Reached skill level 10 in Air Magic
 18685 | D:13     | Noticed a deep elf pyromancer
 18688 | D:13     | Killed a deep elf pyromancer
 18707 | D:13     | Noticed a two-headed ogre
 19987 | D:11     | Reached ***** piety under Vehumet
 20103 | D:11     | Offered knowledge of Orb of Destruction by Vehumet.
 20251 | D:11     | Reached skill level 13 in Spellcasting
 20643 | D:11     | Noticed a deep elf zephyrmancer
 20651 | D:11     | HP: 3/64 [deep elf zephyrmancer/bolt of lightning (14)]
 20653 | D:11     | Killed a deep elf zephyrmancer
 21213 | D:11     | HP: 3/64 [wraith (10)]
 21575 | D:11     | Found Coememp's Assorted Antiques.
 21584 | D:11     | Bought a fuming dark potion for 25 gold pieces
 21584 | D:11     | Bought a scroll labelled XUIMPI SUREFF for 28 gold pieces
 21584 | D:11     | Bought a scroll of blinking for 210 gold pieces
 21584 | D:11     | Bought a scroll of magic mapping for 98 gold pieces
 22527 | D:11     | Reached XP level 12. HP: 70/70 MP: 5/31
 22857 | Lair:1   | Entered Level 1 of the Lair of Beasts
 22869 | Lair:1   | Reached skill level 14 in Spellcasting
 22929 | Lair:1   | Noticed a five-headed hydra
 22934 | Lair:1   | Killed a five-headed hydra
 23550 | Lair:1   | Noticed a six-headed hydra
 23556 | Lair:1   | Killed a six-headed hydra
 24858 | Lair:2   | Reached skill level 1 in Shields
 25543 | Lair:2   | Noticed a boulder beetle
 25564 | Lair:2   | Killed a boulder beetle
 25783 | Lair:2   | Reached skill level 15 in Spellcasting
 25913 | Lair:2   | Got a scorched fustibalus
 25914 | Lair:2   | Identified the +8 fustibalus of Uxkeoc {venom, rPois rC+
                  | Will+ Str-5} (You found it on level 2 of the Lair of
                  | Beasts)
 25979 | Lair:1   | Slain by a cane toad

Illustrated notes

Levels and vault maps discovered:
D:1:      onia_arrival_zoo_common, layout_loops_ring
D:2:      layout_basic, pdpol_temple_overflow_zin_treasury_gozag_greed,
          old_standard_altar, uniq_jessica, uniq_terence
D:3:      layout_basic, marbit_many_paths, eat_drink_and_be_merry_uskayaw
D:4:      layout_basic, led_sif_pool, minmay_temple_entry_glass,
          chequers_serial_rivers_large_b
D:5:      layout_basic, fedhas_altar_4, minmay_stone_trees_small
D:6:      layout_loops_ring, kiku_gazebo_garden_becter, hangedman_decor_lopped,
          item_on_display_a, uniq_crazy_yiuf_cottage
D:7:      layout_basic, regret_index_temple_of_mockery, minitemple,
          nicolae_ossuary_entry_catacombs, minmay_misc_feat_tiny
D:8:      layout_basic, nicolae_tso_besieged_by_evil, serial_shops, shop
D:9:      layout_irregular_city, basic_altar
D:10:     layout_irregular_city, minmay_lair_entry_grove, kb_xom_exploding_sheep
D:11:     minmay_razor_zed, layout_cave_pools, special_room [special_room_bee],
          serial_shops, shop_fountains, hangedman_stone_soup
D:12:     layout_basic, david_orc_4, gammafunk_ghost_spectres,
          minmay_guarded_unrand_skullcrusher
D:13:     layout_basic, hangedman_vaults_entry_quadrant_bands, special_room
          [special_room_orc], uniq_josephine
D:14:     layout_small_grid, grunt_decor_cap
Temple:   corrupted_temple
Lair:1:   layout_cellular_growth
Lair:2:   layout_misc_corridors, minmay_lair_oklob_chamber,
          infiniplex_staircase_pool_2

Skill      XL: |  1  2  3  4  5  6  7  8  9 10 11 12 |
---------------+-------------------------------------+-----
Spellcasting   | 4 5 6 7 9 10 12 13 15 | 15.0
Fighting       | 1 2 3 4 5 6 |  6.9
Conjurations   | 2 3 4 5 7 8 |  8.0
Air Magic      | 4 5 6 7 8 9 11 12 | 12.2
Ice Magic      | 1 3 5 6 7 |  7.9
Shields        | 2 |  2.0
Dodging        | |  2.4
Stealth        | |  2.4

Action                   |  1- 3 |  4- 6 |  7- 9 | 10-12 || total
-------------------------+-------+-------+-------+-------++-------
Melee: Short sword       |     3 |       |    56 |    13 ||    72
 Cast: Shock             |    81 |   149 |   147 |    49 ||   426
       Airstrike         |       |     2 |   205 |   413 ||   620
Evoke: Wand              |       |       |       |     6 ||     6
  Use: Scroll            |       |       |    18 |    15 ||    33
       Potion            |       |       |     1 |     4 ||     5
Armor: Robe              |     2 |     2 |    17 |     9 ||    30
Dodge: Dodged            |    10 |    20 |    78 |   114 ||   222

Table legend: (Time is in decaauts)
 A = Elapsed time spent in this place.
 B = Non-inter-level travel time spent in this place.
 C = Inter-level travel time spent in this place.
 D = Time resting spent in this place.
 E = Time spent auto-exploring this place.
 F = Levels seen in this place.
 G = Mean time per level.
                   A        B        C        D        E       F      G
               +--------+--------+--------+--------+--------+-----+--------+
         Total |  26043 |  25432 |    611 |   3763 |  19053 |  18 | 1446.8 |
       Dungeon |  21381 |  20836 |    545 |   3188 |  15609 |  14 | 1527.2 |
        Temple |     48 |     33 |     15 |      0 |     27 |   1 |   48.0 |
          Lair |   3133 |   3083 |     50 |    575 |   2253 |   2 | 1566.5 |
       Ossuary |   1479 |   1479 |      0 |      0 |   1164 |   1 | 1479.0 |
               +--------+--------+--------+--------+--------+-----+--------+

Top non-repeatable levels by time:
  Lair:1: 2419 daAuts
     D:5: 2401 daAuts
    D:11: 2317 daAuts
    D:10: 2173 daAuts
     D:7: 2068 daAuts
     D:4: 1838 daAuts
    D:12: 1755 daAuts
     D:6: 1726 daAuts
     D:2: 1609 daAuts
 Ossuary: 1479 daAuts
     D:8: 1461 daAuts
     D:1: 1270 daAuts
     D:3: 1091 daAuts
     D:9: 1056 daAuts
  Lair:2: 713 daAuts
